 Dungeon Crawl Stone Soup version 0.29-a0-275-g389c0b56f3 (webtiles) character file.

Game seed: 16934326785147371649

739 Murumi the Fighter (level 7, -4/120 HPs)
             Began as an Ogre Gladiator on Mar 12, 2022.
             Was an Elder of Lugonu.
             Slain by Prince Ribbit (13 damage)
             ... on level 5 of the Dungeon.
             The game lasted 00:18:21 (5636 turns).

Murumi the Fighter (Ogre Gladiator)                 Turns: 5636, Time: 00:18:21

Health: -4/120     AC: 23    Str: 19    XL:     7   Next: 75%
Magic:  8/8        EV:  1    Int: 11    God:    Lugonu [****..]
Gold:   170        SH:  0    Dex: 10    Spells: 6/6 levels left

rFire   + . .      SeeInvis .   a - +1 flail
rCold   + . .      Faith    +   (no shield)
rNeg    + . .      Spirit   .   (body armour currently unavailable)
rPois   +          Reflect  .   (helmet currently unavailable)
rElec   +          Harm     .   (cloak currently unavailable)
rCorr   +          Rampage  .   (gloves unavailable)
Will    .....      NoTele   +   (boots unavailable)
Stlth   +.........              u - amulet of faith
HPRegen 0.30/turn               g - ring of positive energy
MPRegen 0.11/turn               (no ring)

@: brilliant, tree-form, resistant
A: stationary, stasis, torment immunity, boosted hp, large, unfitting armour,
(tough skin 1)
a: Renounce Religion, Depart the Abyss, Bend Space, Banish, Corrupt


You were on level 5 of the Dungeon.
You worshipped Lugonu.
Lugonu was greatly pleased with you.
You were a tree.
You visited 1 branch of the dungeon, and saw 5 of its levels.

You collected 170 gold pieces.

Inventory:

Hand Weapons
 a - a +1 flail (weapon)
Missiles
 d - 4 poisoned darts (quivered)
 f - 186 stones
Armour
 b - a +0 robe (melded)
 c - a +2 hat (melded)
 l - a +0 cloak (melded)
Jewellery
 g - a ring of positive energy (left branch)
 u - an amulet of faith (around neck)
Wands
 p - a wand of flame (20)
Scrolls
 o - 2 scrolls of amnesia
Potions
 h - 7 potions of curing
 m - a potion of mutation {unknown}
 n - a potion of flight {unknown}
 q - a potion of degeneration {unknown}
 r - a potion of heal wounds {unknown}
 s - a potion of might {unknown}
 t - a potion of attraction {unknown}


   Skills:
 - Level 8.0 Fighting
 + Level 3.8 Maces & Flails
 - Level 4.0 Throwing
 - Level 1.0 Armour
 - Level 3.0 Dodging
 - Level 1.0 Stealth
 - Level 2.0 Invocations
 - Level 1.0 Evocations


You had 6 spell levels left.
You didn't know any spells.
Your spell library contained the following spells:

 Spells                   Type           Power      Damage    Failure   Level
 Passage of Golubria      Tloc           0%         N/A       98%         4
 Silence                  Hex/Air        0%         N/A       100%        5
 Lehudib's Crystal Spear  Conj/Erth      0%         10d2      100%        8


Dungeon Overview and Level Annotations

Branches:
Dungeon (5/15)
 Temple: D:4-7

Altars:
Kikubaaqudgha
Sif Muna
Trog
Vehumet
Lugonu

Shops:
D:4 ?

Annotations:
D:5 Prince Ribbit


Innate Abilities, Weirdness & Mutations

You are a tree.
Your roots penetrate the ground, keeping you stationary.
You cannot be teleported.
You are immune to unholy pain and torment.
Your maximum health is greatly increased.
Your equipment is partially melded.
You are too large for most types of armour.
((You have tough skin. (AC +1)))


Message History

Something shocks you. You resist.
* * * LOW HITPOINT WARNING * * *
It was a potion of lignification.
You turn into a tree.
Your +0 cloak melds into your body.
Your +2 hat melds into your body.
Your +0 robe melds into your body.
Your roots penetrate the ground.
Something hits you.
* * * LOW HITPOINT WARNING * * *
Something shocks you. You resist.
* * * LOW HITPOINT WARNING * * *
You cannot move.
You cannot move.
You cannot move.
You cannot move.
You cannot move.
You cannot move.
You cannot move.
You cannot move.
You cannot move.
You cannot move.
You cannot move.
You sock something! Lugonu accepts your kill.
Reactivating autopickup.
You feel a bit more experienced.
Prince Ribbit blinks!
Your life force feels restored.
Throw: large rock
Press: ? - help, Q - select action, (/) - cycle Shift-Dir - straight line, f - Prince Ribbit
Aim: Prince Ribbit (43% to hit)
You throw a large rock. The large rock misses Prince Ribbit.
Prince Ribbit hits you!
* * * LOW HITPOINT WARNING * * *
You barely miss Prince Ribbit. Prince Ribbit hits you.
* * * LOW HITPOINT WARNING * * *
Prince Ribbit hits you but does no damage.
You closely miss Prince Ribbit.
Prince Ribbit hits you but does no damage. x2
You hit Prince Ribbit.
Prince Ribbit is lightly wounded.
Prince Ribbit hits you!
You die...

#...# #...#
#...# ####
#.[)# #...
#..<# #...
##...# ####...
#....#
.....$.##(...#
#..(♣F....#
.......##..###
######. .F##
#.#### .. ##
.# ## .. ..#
..


You could see Prince Ribbit.

Vanquished Creatures
  A sky beast (D:5)
  5 wights (D:4)
  A jelly (D:4)
  3 orc priests (D:3)
  An iguana (D:5)
  An orc wizard (D:4)
  Robin (D:3)
  4 gnolls (D:2)
  5 adders
  5 worms
  3 dart slugs
  10 orcs
  12 ball pythons
  5 bats
  6 endoplasms
  A giant cockroach (D:1)
  16 goblins
  9 hobgoblins
  4 jackals (D:3)
  3 kobolds
  3 quokkas
  2 frilled lizards (D:2)
  5 rats
  A bush (D:2)
107 creatures vanquished.

Vanquished Creatures (others)
  12 plants
12 creatures vanquished.

Grand Total: 119 creatures vanquished

Notes
Turn   | Place    | Note
-------+----------+-------------------------------------------
     0 | D:1      | Murumi the Ogre Gladiator began the quest for the Orb.
     0 | D:1      | Reached XP level 1. HP: 22/22 MP: 1/1
   150 | D:1      | Reached skill level 3 in Fighting
   226 | D:1      | Reached XP level 2. HP: 31/31 MP: 2/2
   651 | D:1      | Found a faded altar of an unknown god.
   749 | D:1      | Reached XP level 3. HP: 39/39 MP: 3/3
   928 | D:1      | Prayed at the altar of an unknown god.
   928 | D:1      | Became a worshipper of Lugonu the Unformed
   928 | D:1      | Reached * piety under Lugonu
   928 | D:1      | Reached ** piety under Lugonu
   940 | D:2      | Reached skill level 4 in Fighting
  1253 | D:2      | Reached skill level 1 in Armour
  1256 | D:2      | Reached skill level 1 in Invocations
  1259 | D:2      | Reached XP level 4. HP: 23/48 MP: 4/4
  1260 | D:2      | Reached skill level 1 in Stealth
  2087 | D:2      | Found a shimmering blue altar of Sif Muna.
  2576 | D:3      | Reached skill level 5 in Fighting
  2618 | D:3      | Noticed Robin
  2647 | D:3      | Reached XP level 5. HP: 48/57 MP: 5/5
  2831 | D:3      | Killed Robin
  2939 | D:3      | Found a bloodstained altar of Trog.
  2958 | D:3      | Reached *** piety under Lugonu
  3486 | D:3      | Reached skill level 1 in Evocations
  3577 | D:3      | Reached XP level 6. HP: 38/66 MP: 7/7
  3981 | D:4      | Reached skill level 6 in Fighting
  4125 | D:4      | Found Luun's Magic Scroll Emporium.
  4148 | D:4      | HP: 3/63 [wight/+0 flail (2)]
  4154 | D:4      | Reached XP level 7. HP: 5/75 MP: 8/8
  4477 | D:4      | Reached skill level 7 in Fighting
  4790 | D:4      | Found an ancient bone altar of Kikubaaqudgha.
  4790 | D:4      | Found a radiant altar of Vehumet.
  5394 | D:4      | Reached **** piety under Lugonu
  5462 | D:5      | Entered Level 5 of the Dungeon
  5605 | D:5      | Noticed Prince Ribbit
  5614 | D:5      | Reached skill level 8 in Fighting
  5636 | D:5      | Slain by Prince Ribbit

Illustrated notes

Levels and vault maps discovered:
D:1:      erik_arrival_orb_chamber, layout_loops_ring,
          dreamdust_ecumenical_altar_grove
D:2:      layout_loops_ring, basic_altar, serial_forest,
          infiniplex_forest_end_2, infiniplex_forest_clump_curved,
          infiniplex_forest_clump_diagonal, infiniplex_forest_end_1,
          infiniplex_forest_clump_double, infiniplex_forest_pool,
          infiniplex_forest_clump_diagonal, infiniplex_forest_clump_medium,
          infiniplex_forest_end_2
D:3:      layout_rooms, mainiacjoe_overflow_boulevard, minmay_circle_x,
          uniq_robin
D:4:      layout_basic, mainiacjoe_overflow_divided_tiny, serial_shops,
          nicolae_shop_crystal
D:5:      layout_rooms, minmay_misc_feat_plants, uniq_sigmund,
          uniq_prince_ribbit1, uniq_crazy_yiuf_cottage

Skill      XL: |  1  2  3  4  5  6  7 |
---------------+----------------------+-----
Fighting       | 3 4 5 6 8 |  8.0
Maces & Flails | 3 |  3.8
Dodging        | 3 |  3.0
Armour         | 1 |  1.0
Invocations    | 1 2 |  2.0
Stealth        | 1 |  1.0
Throwing       | 3 4 |  4.0
Evocations     | 1 |  1.0

Action                   |  1- 3 |  4- 6 |  7- 9 || total
-------------------------+-------+-------+-------++-------
Melee: Flail             |    68 |   265 |    70 ||   403
       Punch             |       |     7 |       ||     7
Throw: Stone             |    30 |    78 |    34 ||   142
       Large rock        |       |     3 |     2 ||     5
       Throwing net      |       |     3 |     1 ||     4
  Use: Scroll            |     6 |     7 |       ||    13
       Potion            |       |       |     3 ||     3
 Stab: Sleeping          |       |     1 |       ||     1
       Held in net/web   |       |       |     1 ||     1
Armor: Robe              |    23 |    85 |    15 ||   123
       Skin              |       |       |     3 ||     3
Dodge: Dodged            |    28 |    73 |    26 ||   127

Table legend: (Time is in decaauts)
 A = Elapsed time spent in this place.
 B = Non-inter-level travel time spent in this place.
 C = Inter-level travel time spent in this place.
 D = Time resting spent in this place.
 E = Time spent auto-exploring this place.
 F = Levels seen in this place.
 G = Mean time per level.
                   A        B        C        D        E       F      G
               +--------+--------+--------+--------+--------+-----+--------+
         Total |   5742 |   5317 |    425 |    107 |   4216 |   5 | 1148.4 |
       Dungeon |   5742 |   5317 |    425 |    107 |   4216 |   5 | 1148.4 |
               +--------+--------+--------+--------+--------+-----+--------+

Top non-repeatable levels by time:
     D:2: 1717 daAuts
     D:4: 1648 daAuts
     D:3: 1225 daAuts
     D:1: 1042 daAuts
     D:5: 108 daAuts
